 Dungeon Crawl Stone Soup version 0.26.1-2-gb8aa6d0cf2 (webtiles) character file.

Game seed: 97034181679448753

250 teseract the Chiller (level 6, -1/28 HPs)
             Began as a Vine Stalker Ice Elementalist on Mar 20, 2021.
             Was a Follower of Ashenzari.
             Slain by a phantom (7 damage)
             ... on level 4 of the Dungeon.
             The game lasted 00:17:46 (2428 turns).

teseract the Chiller (VSIE)                         Turns: 2428, Time: 00:17:47

Health: -1/28      AC:  2    Str: 11    XL:     6   Next: 13%
Magic:  0/12       EV: 13    Int: 17    God:    Ashenzari [*.....]
Gold:   96         SH:  0    Dex: 14    Spells: 11/12 levels left

rFire    . . .     SeeInvis .   g - +0 quarterstaff
rCold    . . .     Faith    .   (shield currently unavailable)
rNeg     . . .     Spirit   +   a - +0 robe (curse) {f}
rPois    .         Reflect  .   (no helmet)
rElec    .         Harm     .   (no cloak)
rCorr    .         Rampage  .   (no gloves)
Will     .....                  (no boots)
Stlth    ++........             (no amulet)
HPRegen  0.49/turn              (no ring)
MPRegen  0.13/turn              (no ring)

@: no status effects
A: fangs 2, regeneration 1, magic shield, antimagic bite, no potion heal 3
a: Renounce Religion, Curse Item, Scrying


You were on level 4 of the Dungeon.
You worshipped Ashenzari.
Ashenzari was aware of your devotion.
You visited 1 branch of the dungeon, and saw 4 of its levels.

You collected 96 gold pieces.

Inventory:

Hand Weapons
 d - a +0 short sword
 g - a +0 quarterstaff (weapon)
Armour
 a - a cursed +0 robe (worn) {f}
 c - a +0 ring mail
 h - a +0 robe
 i - a +0 kite shield
 k - a +0 ring mail
Jewellery
 n - a cursed ring of teleportation
Wands
 j - a wand of flame (18)
 p - a wand of digging (4)
Scrolls
 m - 2 scrolls of identify
Potions
 b - a potion of attraction
 e - a potion of curing {unknown}
 f - a potion of cancellation {unknown}
 l - a potion of flight {unknown}
 o - a potion of berserk rage {unknown}


   Skills:
 + Level 2.3 Dodging
 + Level 2.6 Stealth
 + Level 3.9 Spellcasting
 + Level 5.9 Ice Magic


You had 11 spell levels left.
You knew the following spells:

 Your Spells              Type           Power        Failure   Level
a - Freeze                Ice            92%          1%          1

Your spell library contained the following spells:

 Spells                   Type           Power        Failure   Level
 Frozen Ramparts          Ice            46%          4%          3
 Ozocubu's Armour         Ice            23%          4%          3
 Hailstorm                Conj/Ice       13%          43%         4
 Summon Ice Beast         Ice/Summ       13%          43%         4


Dungeon Overview and Level Annotations

Branches:
Dungeon (4/15)
 Temple: D:4-7

Altars:
Ashenzari
Dithmenos


Innate Abilities, Weirdness & Mutations

You have extremely sharp teeth.
Your natural rate of healing is unusually fast.
When hurt, damage is shared between your health and your magic reserves.
Your bite disrupts and absorbs the magic of your enemies.
Potions cannot restore your health.


Message History

A phantom is nearby!
A phantom is nearby!
There is a shadowy altar of Dithmenos, spattered with blood here.
A phantom is nearby!
A phantom is nearby!
A phantom is nearby!
A phantom is nearby!
A phantom is nearby!
A phantom is nearby!
A phantom is nearby!
Unknown command.
Press < or > to pray at altars.
Unknown command.
Press < or > to pray at altars.
Unknown command.
Press < or > to pray at altars.
Unknown command.
You can't go up here!
You hit the phantom but do no damage. The phantom hits you!
You die...

******* **,,,,,* **,,,,,,,
*,,,,,,,, ##### *,,,,,,,, #._.#
*,,,,,,,, # #..@# *,,,,,,,, #
#..W#*#####*,,,,,,,, #
###########'###.....,,,,,,,,, #
###(.......(......#****,,,,,,,,
###...########....######*,,,,,,,,
....### #..........,,,,,,,,,
##### #.>..######*,,,,,,,, ..#
#..†.# *,,,,,,,,,,, ..#
#####....# *,***,,,,,,,


You could see a phantom.

Vanquished Creatures
  A hound (D:4)
  A centaur skeleton (D:4)
  Ijyb (D:3)
  Natasha (D:2)
  2 worker ants (D:4)
  Robin (D:4)
  2 adders (D:4)
  An ooze (D:1)
  A leopard gecko (D:1)
  6 orcs
  A ball python (D:3)
  6 bats
  A giant cockroach (D:3)
  12 goblins
  6 hobgoblins
  2 jackals (D:4)
  2 frilled lizards (D:3)
  A jackal skeleton (D:2)
  4 kobolds
  3 rats (D:2)
55 creatures vanquished.

Vanquished Creatures (others)
  4 plants (D:1)
4 creatures vanquished.

Grand Total: 59 creatures vanquished

Notes
Turn   | Place    | Note
-------+----------+-------------------------------------------
     0 | D:1      | teseract the Vine Stalker Ice Elementalist began the quest
                  | for the Orb.
     0 | D:1      | Reached XP level 1. HP: 9/9 MP: 4/4
   429 | D:1      | Found a broken altar of Ashenzari.
   433 | D:1      | Reached XP level 2. HP: 13/13 MP: 3/6
   437 | D:1      | Became a worshipper of Ashenzari the Shackled
   826 | D:2      | Noticed Natasha
   840 | D:2      | Killed Natasha
   841 | D:2      | Reached XP level 3. HP: 10/16 MP: 1/8
  1382 | D:3      | Reached skill level 5 in Ice Magic
  1431 | D:3      | Noticed Ijyb
  1441 | D:3      | Killed Ijyb
  1442 | D:3      | Gained mutation: Your natural rate of healing is unusually
                  | fast. [Vine Stalker growth]
  1442 | D:3      | Reached XP level 4. HP: 17/21 MP: 1/9
  1746 | D:3      | Reached * piety under Ashenzari
  1800 | D:4      | Reached XP level 5. HP: 16/24 MP: 3/10
  2066 | D:4      | Noticed Robin
  2108 | D:4      | Killed Robin
  2255 | D:4      | Reached XP level 6. HP: 22/28 MP: 12/12
  2384 | D:4      | Found a shadowy altar of Dithmenos.
  2384 | D:4      | Noticed a phantom
  2428 | D:4      | Slain by a phantom

Illustrated notes

Levels and vault maps discovered:
D:1:      lightli_arrival_flooded_house, layout_basic, amethyst_killhole,
          evilmike_ruin_ashenzari
D:2:      layout_basic, uniq_natasha, uniq_terence
D:3:      layout_basic, uniq_ijyb
D:4:      layout_rooms, grunt_dithmenos_shadows, uniq_robin

Skill      XL: |  1  2  3  4  5 |
---------------+----------------+-----
Ice Magic      | 5 |  5.9
Spellcasting   | 3 |  3.9
Dodging        | 2 |  2.3
Stealth        | |  2.6

Action                   |  1- 3 |  4- 6 || total
-------------------------+-------+-------++-------
Melee: Unarmed           |    27 |       ||    27
       Bite              |     9 |     7 ||    16
       Short sword       |     3 |       ||     3
       Quarterstaff      |     1 |    22 ||    23
 Cast: Freeze            |    44 |    60 ||   104
Invok: Curse Item        |     1 |       ||     1
       Scrying           |       |     1 ||     1
  Use: Scroll            |     1 |     4 ||     5
Armor: Robe              |    11 |     7 ||    18
Dodge: Dodged            |    32 |    51 ||    83
